 Dungeon Crawl Stone Soup version 0.29.1-4-g47bece8355 (webtiles) character file.

Game seed: 9554966819863417255

215665 safid the Crack Shot (level 18, -1/171 HPs)
             Began as a Minotaur Hunter on Dec 2, 2022.
             Was the Champion of Okawaru.
             Slain by a fire giant
             ... wielding a +1 great sword of flaming
              (32 damage)
             ... on level 2 of the Depths.
             The game lasted 01:17:10 (29095 turns).

safid the Crack Shot (Minotaur Hunter)             Turns: 29095, Time: 01:17:11

Health: -1/171     AC: 10    Str: 13    XL:     18   Next: 33%
Magic:  28/28      EV: 20    Int:  1    God:    Okawaru [******]
Gold:   2024       SH:  0    Dex: 21    Spells: 17/17 levels left

rFire   + + .      SeeInvis +   r - +9 triple crossbow (freeze)
rCold   + + .      Faith    +   (shield currently unavailable)
rNeg    + + +      Spirit   .   R - +4 troll leather armour
rPois   +          Reflect  .   j - +2 hat {Will+}
rElec   +          Harm     .   M - +2 cloak
rCorr   .          Rampage  +   z - +2 pair of gloves of Failure {Rampage rC+ Str-2}
Will    ++++.                   t - +2 pair of boots
Stlth   ++........              g - amulet "Kuajuivu" {Faith Rampage rC+ SInv}
HPRegen 1.18/turn               c - ring "Hemaur" {rElec rF+ rN++ Int-5 Slay-2}
MPRegen 0.21/turn               f - ring "Nuebun" {rPois rF+ rN+ Will++}

@: about to teleport, corroded, studying Earth Magic
A: horns 2, retaliatory headbutt, high MP 1, weak 1
}: 1/15 runes: serpentine
a: Renounce Religion, Heroism, Finesse, Duel


You were on level 2 of the Depths.
You worshipped Okawaru.
Okawaru was exalted by your worship.
You visited 5 branches of the dungeon, and saw 28 of its levels.
You also visited: Ossuary and Gauntlet.

You collected 3305 gold pieces.
You spent 1281 gold pieces at shops.

Inventory:

Hand Weapons
 r - a +9 triple crossbow of freezing (weapon)
 O - the +9 arbalest of Extermination {penet, rElec rF- rC+ Str+7}
   (Okawaru gifted it to you on level 1 of the Snake Pit)

   Any ammunition fired by it passes through the targets it hits, potentially
   hitting all targets in its path until it reaches maximum range.
   Str:       It affects your strength (+7).
   rF:        It makes you vulnerable to fire.
   rC:        It protects you from cold.
   rElec:     It insulates you from electricity.
Missiles
 d - 5 curare-tipped darts
 e - 2 throwing nets
 E - 4 javelins
 V - 4 silver javelins
Armour
 b - the +2 kite shield of Classification {Rampage rPois rN+ Dex+3}
   (You took it off Asterion on level 3 of the Snake Pit)

   Dex:       It affects your dexterity (+3).
   rPois:     It protects you from poison.
   rN:        It protects you from negative energy.
   Rampage:   It bestows one free step when moving towards enemies.
 j - a +2 hat of willpower (worn)
 m - the +1 pair of boots of the Cicada {Rampage rCorr Int-3}
   (Okawaru gifted it to you on level 5 of the Lair of Beasts)

   Int:       It affects your intelligence (-3).
   rCorr:     It protects you from acid and corrosion.
   Rampage:   It bestows one free step when moving towards enemies.
 t - a +2 pair of boots (worn)
 z - the +2 pair of gloves of Failure (worn) {Rampage rC+ Str-2}
   (You found it on level 7 of the Dungeon)

   Str:       It affects your strength (-2).
   rC:        It protects you from cold.
   Rampage:   It bestows one free step when moving towards enemies.
 M - a +2 cloak (worn)
 R - a +4 troll leather armour (worn)
 T - the +0 pair of gloves of the Eagle {Dex+3}
   (You found it on level 4 of the Snake Pit)

   Dex:       It affects your dexterity (+3).
Jewellery
 c - the ring "Hemaur" (left hand) {rElec rF+ rN++ Int-5 Slay-2}
   (You bought it in a shop on level 3 of the Snake Pit)

   [ring of protection from fire]

   Int:       It affects your intelligence (-5).
   Slay:      It affects your accuracy & damage with ranged weapons and melee
   (-2).
   rF:        It protects you from fire.
   rElec:     It insulates you from electricity.
   rN:        It greatly protects you from negative energy.
 f - the ring "Nuebun" (right hand) {rPois rF+ rN+ Will++}
   (You acquired it on level 15 of the Dungeon)

   [ring of protection from fire]

   rF:        It protects you from fire.
   rPois:     It protects you from poison.
   rN:        It protects you from negative energy.
   Will:      It greatly increases your willpower.
 g - the amulet "Kuajuivu" (around neck) {Faith Rampage rC+ SInv}
   (You bought it in a shop on level 3 of the Snake Pit)

   [amulet of faith]

   It allows you to gain divine favour quickly.
   rC:        It protects you from cold.
   SInv:      It lets you see invisible.
   Rampage:   It bestows one free step when moving towards enemies.
 h - a ring of fire
 i - a ring of ice
 v - a ring of positive energy
 x - a ring of flight
 y - the ring of Syuric Qesuu {Will+ SInv}
   (You acquired it on level 3 of the Lair of Beasts)

   [ring of see invisible]

   SInv:      It lets you see invisible.
   Will:      It increases your willpower.
 N - the amulet "Qiloippo" {Reflect Will- Slay+2 SH+5 Stlth+}
   (You found it on level 15 of the Dungeon)

   [amulet of reflection]

   It reflects blocked missile attacks.
   Slay:      It affects your accuracy & damage with ranged weapons and melee
   (+2).
   SH:        It affects your SH (+5).
   Will:      It decreases your willpower.
   Stlth:     It makes you more stealthy.
 S - the ring of Xom's Entertainment {rC+ Will+}
   (You found it in a Gauntlet)

   [ring of protection from cold]

   rC:        It protects you from cold.
   Will:      It increases your willpower.
Wands
 a - a wand of light (21)
 o - a wand of flame (82)
 q - a wand of polymorph (15)
 w - a wand of roots (28)
 P - a wand of digging (8)
Scrolls
 k - 8 scrolls of teleportation
 l - 2 scrolls of blinking
 n - 4 scrolls of fear
 D - 3 scrolls of magic mapping
 F - 2 scrolls of brand weapon
 H - 2 scrolls of silence
 L - a scroll of enchant weapon
Potions
 p - 7 potions of curing
 s - 4 potions of haste
 u - 3 potions of berserk rage
 A - 2 potions of invisibility
 B - a potion of might
 C - 6 potions of lignification
 G - 2 potions of ambrosia
 I - a potion of cancellation
 J - a potion of magic
 K - a potion of mutation
 Q - 2 potions of resistance
 W - a potion of heal wounds
Miscellaneous
 U - a phial of floods


   Skills:
 + Level 17.9 Fighting
 - Level 26.0 Ranged Weapons
 - Level 12.0 Armour
 - Level 12.0 Dodging
 - Level 1.0 Stealth
 - Level 12.0 Invocations


You had 17 spell levels left.
You didn't know any spells.
Your spell library contained the following spells:

 Spells                   Type           Power      Damage    Failure   Level
 Apportation              Tloc           0%         N/A       63%         1
 Beastly Appendage        Tmut           0%         N/A       63%         1
 Magic Dart               Conj           0%         1d3       63%         1
 Necrotise                Necr           0%         1d4       63%         1
 Sting                    Tmut/Pois      0%         1d3       63%         1
 Ensorcelled Hibernation  Hex/Ice        0%         N/A       77%         2
 Passwall                 Tmut/Erth      0%         N/A       77%         2
 Poisonous Vapours        Pois/Air       0%         N/A       77%         2
 Searing Ray              Conj           0%         2d4       77%         2
 Wereblood                Tmut           0%         N/A       77%         2
 Conjure Flame            Conj/Fire      0%         6-21      94%         3
 Ignite Poison            Fire/Tmut/Pois 0%         N/A       94%         3
 Inner Flame              Hex/Fire       0%         N/A       94%         3
 Ozocubu's Armour         Ice            0%         N/A       94%         3
 Spider Form              Tmut/Pois      0%         N/A       94%         3
 Swiftness                Air            0%         N/A       94%         3
 Vampiric Draining        Necr           0%         2d6       94%         3
 Anguish                  Hex/Necr       0%         N/A       100%        4
 Cause Fear               Hex            0%         N/A       100%        4
 Corpse Rot               Necr/Pois/Air  0%         N/A       100%        4
 Dispel Undead            Necr           0%         3d6       100%        4
 Fulminant Prism          Conj/Hex       0%         3d6       100%        4
 Hailstorm                Conj/Ice       0%         3d3       100%        4
 Ice Form                 Ice/Tmut       0%         N/A       100%        4
 Olgreb's Toxic Radiance  Pois           0%         N/A       100%        4
 Petrify                  Tmut/Erth      0%         N/A       100%        4
 Sticky Flame             Conj/Fire      0%         2d3       100%        4
 Agony                    Necr           0%         N/A       100%        5
 Alistair's Intoxication  Tmut/Pois      0%         N/A       100%        5
 Blade Hands              Tmut           0%         N/A       100%        5
 Irradiate                Conj/Tmut      0%         3d11      100%        5
 Dragon Form              Tmut           0%         N/A       100%        7
 Enfeeble                 Hex            0%         N/A       100%        7
 Ozocubu's Refrigeration  Ice            0%         4d7       100%        7
 Storm Form               Tmut/Air       0%         N/A       100%        7
 Discord                  Hex            0%         N/A       100%        8
 Ignition                 Fire           0%         3d3       100%        8
 Chain Lightning          Conj/Air       0%         N/A       100%        9
 Fire Storm               Conj/Fire      0%         5d1       100%        9
 Shatter                  Erth           0%         3d5*      100%        9
 Summon Ice Beast         Ice/Summ       Unusable   N/A       N/A         4
 Death Channel            Necr           Unusable   N/A       N/A         6

Dungeon Overview and Level Annotations

Branches:
Dungeon (15/15)            Temple (0/1) D:7            Lair (5/5) D:11
 Shoals (0/4) Lair:2        Snake (4/4) Lair:2        Slime (0/5) Lair:4
    Orc (2/2) D:9             Elf (0/3) Orc:2        Vaults (0/5) D:14
 Depths (2/4) D:15        Ossuary (visited)         Gauntlet (visited)

Altars:
Ashenzari
Cheibriados
Dithmenos
Hepliaklqana
Nemelex Xobeh
Okawaru
Ru
Zin
Jiyva

Shops:
D:3 :   D:4 *   D:13 *   Orc:2 *[=(   Snake:3 [(=

Portals:
Hell: Depths:1* Depths:2
Pandemonium: Depths:1

Annotations:
D:3 2 transporters, zeram's ghost, amateur GrFi
D:6 1 runed translucent door, gdog's ghost, novice GnDe


Innate Abilities, Weirdness & Mutations

You have a pair of horns on your head.
You reflexively headbutt those who attack you in melee.
You have an increased reservoir of magic. (+10% MP)
You are weak. (Str -2)


Message History

Unknown command.
Okay, then.
Unknown command.
Unknown command.
As you read the scroll of teleportation, it crumbles to dust.
You feel strangely unstable. The brown ugly thing misses you.
The fire giant hits you with a +1 great sword of flaming!!
* * * LOW HITPOINT WARNING * * *
The fire giant burns you.
* * * LOW HITPOINT WARNING * * *
Unknown command.
Okay, then.
Okay, then.
Unknown command.
Unknown command.
Unknown command.
Unknown command.
Press: ? - help, v - describe, . - travel
Here: a brown ugly thing (lightly wounded)
The floor.
Unknown command.
Unknown command.
Press: ? - help, v - describe, . - travel
Here: a fire giant, wielding a +1 great sword of flaming (lightly wounded)
The floor, spattered with blood.
Unknown command.
Fire: r) +9 triple crossbow (freeze)
Press: ? - help, Q - select action, (/) - cycle Shift-Dir - straight line, f - fire giant, p - brown ugly thing
Aim: a fire giant, wielding a +1 great sword of flaming (lightly wounded, 90% to hit)
You shoot a bolt. The bolt barely misses the fire giant.
The bolt hits the brown ugly thing!!!
The bolt freezes the brown ugly thing!
You kill the brown ugly thing!
Okawaru accepts your kill. The brown ugly thing claws you.
* * * LOW HITPOINT WARNING * * *
You are splashed with acid!
* * * LOW HITPOINT WARNING * * *
The fire giant hits you with a +1 great sword of flaming!!
You die...

#.. :: #.# !. #.#
#.### #.##
..#.##.#.#####
#.#.#..#..#..
#.#.Q##}##..
#C#u#..#..# #uC@##.#.#
#.#####.### ##. #....#
...###..## .#
#..#)#....... #..
##..###.###. ..#
#..(.# ..# ...
###.#####)#####.###...
........[.............


You could see a green very ugly thing, a fire giant, a stone giant, a brown ugly
thing and a tengu conjurer.

Vanquished Creatures
  A tentacled monstrosity (Depths:1)
  A titan (Depths:1)
  Asterion (Snake:3)
  A sphinx (Depths:1)
  Kirke (Lair:3)
  A tengu reaver (Depths:2)
  6 nagarajas
  The ghost of Jingleheimer the Torchbearer, an adept DsGl of Yredelemnul (Snake:2)
  Aizul (Depths:1)
  4 fire giants
  2 orc warlords (Orc:2)
  An iron dragon (D:15)
  5 very ugly things
  5 stone giants
  A vampire knight (Depths:2)
  A spark wasp (Depths:1)
  An iron golem (Depths:1)
  A minotaur (Gauntlet)
  5 ettins
  Snorg (D:12)
  The ghost of GigaChad the Spear-Bearer, a journeyman MiFi of Jiyva (D:11)
  11 hydras
  A rakshasa (Depths:1)
  2 ice dragons (Depths:2)
  4 boulder beetles
  6 salamander tyrants
  A death knight (D:15)
  2 catoblepae
  15 naga warriors
  6 anacondas
  5 centaur warriors
  4 two-headed ogres
  6 death yaks (Lair:5)
  4 deep troll shamans
  5 orc high priests (Orc:2)
  4 tengu warriors
  8 shock serpents
  A vampire mage (Depths:2)
  2 spriggan berserkers
  A deep troll earth mage (Depths:2)
  A shock serpent (shapeshifter) (Gauntlet)
  5 hell knights (Depths:2)
  11 naga sharpshooters
  Sonja (D:11)
  2 iron trolls (Depths:1)
  6 skeletal warriors
  7 salamander mystics
  A sea snake (shapeshifter) (D:13)
  Lodul (D:11)
  4 naga ritualists
  6 sea snakes
  4 deep trolls
  2 deep elf zephyrmancers
  5 orc knights
  A deep elf archer (Orc:2)
  6 orc sorcerers
  A mana viper (shapeshifter) (Gauntlet)
  2 wizards (D:15)
  4 necromancers
  2 deep elf pyromancers (Orc:2)
  2 manticores
  30 ugly things
  8 mana vipers
  10 elephants
  19 cyclopes
  18 salamanders
  A centaur zombie (D:15)
  3 guardian serpents
  35 black mambas
  Maggie (D:6)
  23 naga magi
  A water nymph (shapeshifter) (Depths:1)
  2 centaur skeletons (D:15)
  2 gargoyles
  11 cane toads
  An unseen horror (D:11)
  A cane toad (shapeshifter) (D:15)
  3 tengu conjurers
  6 komodo dragons
  A yaktaur (D:15)
  2 kobold demonologists (D:10)
  4 rime drakes
  A harpy zombie (D:15)
  9 trolls
  A hornet (D:9)
  3 meliai (D:15)
  3 polar bears
  A hornet (shapeshifter) (D:15)
  Grinder (D:5)
  A raiju (Gauntlet)
  7 blink frogs
  Sigmund (D:5)
  A jumping spider (shapeshifter) (Depths:1)
  A shadow (D:11)
  2 wraiths (Ossuary)
  3 vampires
  A fire elemental (Orc:1)
  A water elemental (Depths:1)
  6 wyverns
  3 hogs (Lair:3)
  63 yaks
  5 basilisks
  3 fire bats (Orc:1)
  A human (Lair:3)
  The ghost of Jingleheimer the Poker, an amateur DsGl (D:3)
  3 steam dragons
  58 nagas
  A redback simulacrum (D:15)
  10 wargs
  2 acid dragons (D:11)
  12 water moccasins
  32 orc warriors
  A sky beast (D:7)
  6 black bears
  27 ogres
  4 ice beasts
  10 wolves
  13 centaurs
  A kobold brigand (D:10)
  13 bullfrogs
  Blork the orc (D:4)
  A gnoll sergeant (D:10)
  2 necrophages
  3 scorpions
  3 wights
  12 killer bees (D:8)
  10 electric eels
  4 howler monkeys
  A lava snake (Orc:1)
  5 jellies
  6 hounds
  17 orc priests
  5 iguanas
  Ijyb (D:3)
  29 orc wizards
  13 gnolls
  A gnoll (shapeshifter) (Gauntlet)
  4 adders
  2 shadow imps
  2 white imps
  An adder zombie (Ossuary)
  4 worms
  4 dart slugs
  76 orcs
  9 ball pythons
  9 endoplasms
  4 giant cockroaches
  9 hobgoblins
  5 jackals
  5 kobolds
  7 quokkas
  A ball python skeleton (Ossuary)
  7 bats
  A frilled lizard (D:2)
  19 goblins
  4 hobgoblin skeletons (Ossuary)
  A hobgoblin zombie (Ossuary)
  A kobold zombie (Ossuary)
  2 orc skeletons (Ossuary)
  6 rats
995 creatures vanquished.

Vanquished Creatures (others)
  4 demonic plants (Gauntlet)
  27 fungi
  43 plants
74 creatures vanquished.

Grand Total: 1069 creatures vanquished

Notes
Turn   | Place    | Note
-------+----------+-------------------------------------------
     0 | D:1      | safid the Minotaur Hunter began the quest for the Orb.
     0 | D:1      | Reached XP level 1. HP: 18/18 MP: 0/0
    82 | D:1      | Reached XP level 2. HP: 25/25 MP: 1/1
   638 | D:2      | Reached skill level 5 in Ranged Weapons
   638 | D:2      | Reached XP level 3. HP: 31/31 MP: 2/2
  1069 | D:2      | Reached XP level 4. HP: 7/40 MP: 3/3
  1456 | D:2      | You fall into a shaft and drop 1 floor!
  1620 | D:3      | Noticed an ice beast
  1635 | D:3      | Killed an ice beast
  1636 | D:3      | Reached skill level 5 in Fighting
  1636 | D:3      | Reached skill level 6 in Ranged Weapons
  1636 | D:3      | Reached XP level 5. HP: 4/48 MP: 4/4
  2363 | D:2      | Found a faded altar of an unknown god.
  2420 | D:3      | Found a transporter.
  2422 | D:3      | Noticed zeram's ghost (amateur GrFi)
  2428 | D:3      | Found a transporter.
  2464 | D:3      | Found Culugen's Book Boutique.
  3016 | D:3      | Noticed Ijyb
  3028 | D:3      | Killed Ijyb
  3444 | D:4      | Found Dudelez's General Store.
  3460 | D:4      | Bought a potion of curing for 36 gold pieces
  3468 | D:4      | Noticed an ogre
  3474 | D:4      | Killed an ogre
  3475 | D:4      | Reached XP level 6. HP: 57/57 MP: 5/5
  3515 | D:4      | Noticed an ice beast
  3520 | D:4      | Killed an ice beast
  3521 | D:4      | Reached skill level 7 in Ranged Weapons
  3643 | D:4      | Found an iron altar of Okawaru.
  3650 | D:4      | Became a worshipper of Warmaster Okawaru
  3688 | D:4      | Reached XP level 7. HP: 64/64 MP: 6/6
  3709 | D:4      | HP: 2/66 [orc warrior/+0 dire flail (20)]
  3710 | D:4      | Gained mutation: Your body sometimes deteriorates upon
                  | taking damage. [potion of mutation]
  3718 | D:4      | Reached * piety under Okawaru
  4031 | D:4      | Lost mutation: Your body sometimes deteriorates upon taking
                  | damage. [potion of mutation]
  4031 | D:4      | Gained mutation: Your muscles are strong. (Str +4, Int/Dex
                  | -1) [potion of mutation]
  4031 | D:4      | Gained mutation: You are dopey. (Int -2) [potion of
                  | mutation]
  4052 | D:4      | Reached skill level 8 in Ranged Weapons
  4096 | D:4      | Noticed Blork the orc
  4098 | D:4      | Killed Blork the orc
  4202 | D:4      | Identified the +6 hand axe "Hellblazer" {antimagic, Stlth+}
  4203 | D:4      | Found a runed translucent gate.
  4203 | D:4      | Noticed Jingleheimer's ghost (amateur DsGl)
  4204 | D:4      | Found a runed translucent gate.
  4205 | D:4      | Found a runed translucent gate.
  4583 | D:3      | Killed Jingleheimer's ghost
  4584 | D:3      | Reached XP level 8. HP: 22/74 MP: 7/7
  4981 | D:5      | Entered Level 5 of the Dungeon
  5052 | D:5      | Reached skill level 9 in Ranged Weapons
  5061 | D:5      | Noticed Sigmund
  5418 | D:5      | Found a shadowy altar of Dithmenos.
  5462 | D:5      | Noticed Grinder
  5467 | D:5      | Killed Grinder
  5467 | D:5      | Reached ** piety under Okawaru
  5468 | D:5      | Reached skill level 10 in Ranged Weapons
  5585 | D:5      | Found a hazy altar of Hepliaklqana.
  5690 | D:5      | Killed Sigmund
  5691 | D:5      | Reached skill level 11 in Ranged Weapons
  5885 | D:6      | Noticed gdog's ghost (novice GnDe)
  5885 | D:6      | Found a runed translucent door.
  5912 | D:6      | Reached XP level 9. HP: 73/81 MP: 8/8
  6018 | D:6      | Found a glowing silver altar of Zin.
  6179 | D:6      | Reached skill level 12 in Ranged Weapons
  6191 | D:6      | Found a broken altar of Ashenzari.
  6255 | D:6      | Noticed Maggie
  6266 | D:6      | Killed Maggie
  6266 | D:6      | Reached *** piety under Okawaru
  6496 | D:6      | Reached skill level 13 in Ranged Weapons
  6517 | D:6      | Noticed a troll
  6519 | D:6      | Killed a troll
  7285 | D:7      | Reached skill level 14 in Ranged Weapons
  7372 | D:7      | Reached **** piety under Okawaru
  7587 | D:7      | Reached skill level 1 in Stealth
  7741 | D:7      | Reached skill level 1 in Armour
  8099 | D:7      | Reached XP level 10. HP: 88/88 MP: 9/9
  8104 | D:7      | Identified the +2 pair of gloves of Failure {Rampage rC+
                  | Str-2}
  8145 | D:7      | Reached skill level 1 in Invocations
  8296 | D:7      | Found a staircase to the Ecumenical Temple.
  8556 | D:8      | Found a sand-covered staircase.
  8562 | Ossuary  | Entered an ossuary
  8761 | Ossuary  | Received a gift from Okawaru
  9008 | D:8      | Noticed a two-headed ogre
  9013 | D:8      | Killed a two-headed ogre
 10080 | D:9      | Found a sacrificial altar of Ru.
 10543 | D:9      | Found a staircase to the Orcish Mines.
 10595 | D:9      | Noticed a two-headed ogre
 10598 | D:9      | Killed a two-headed ogre
 10598 | D:9      | Reached ***** piety under Okawaru
 10796 | D:9      | Reached skill level 5 in Dodging
 10796 | D:9      | Reached XP level 11. HP: 97/97 MP: 13/13
 10982 | D:10     | Entered Level 10 of the Dungeon
 10993 | D:10     | Reached skill level 15 in Ranged Weapons
 10993 | D:10     | Reached skill level 5 in Armour
 11006 | D:10     | Noticed a soul eater
 11159 | D:10     | Identified the +1 plate armour "Osulak" {Int+2} (Okawaru
                  | gifted it to you on level 10 of the Dungeon)
 11159 | D:10     | Received a gift from Okawaru
 11448 | D:10     | Reached skill level 10 in Fighting
 11464 | D:10     | Noticed a two-headed ogre
 11470 | D:10     | Killed a two-headed ogre
 11471 | D:10     | Reached skill level 5 in Invocations
 11624 | D:10     | Found a snail-covered altar of Cheibriados.
 11908 | Orc:1    | Entered Level 1 of the Orcish Mines
 12089 | Orc:1    | Noticed an orc knight
 12094 | Orc:1    | Killed an orc knight
 12145 | Orc:1    | Noticed an ettin
 12161 | Orc:1    | Killed an ettin
 12161 | Orc:1    | Received a gift from Okawaru
 12234 | Orc:1    | Reached ****** piety under Okawaru
 12380 | Orc:1    | Received a gift from Okawaru
 12381 | Orc:1    | Reached XP level 12. HP: 108/108 MP: 15/15
 12532 | Orc:1    | Reached skill level 16 in Ranged Weapons
 12579 | Orc:1    | Noticed an ettin
 12579 | Orc:1    | Noticed a fire giant
 12580 | Orc:1    | Noticed an ettin
 12582 | Orc:1    | Received a gift from Okawaru
 12585 | Orc:1    | Killed an ettin
 12590 | Orc:1    | Killed a fire giant
 12591 | Orc:1    | Killed an ettin
 12666 | Orc:1    | Identified the +11 quarterstaff of Abuse {vorpal, Contam
                  | rPois Str+6}
 12671 | Orc:1    | Identified the +7 lajatang "Quily" {vorpal, *Noise rPois
                  | rN+}
 12673 | Orc:1    | Identified the +3 shortbow of Valiance {vorpal, Dex+4}
 12883 | Orc:2    | Entered Level 2 of the Orcish Mines
 13107 | Orc:2    | Identified the +5 plate armour of Immorality {rC+ Str+3
                  | Int+4 Stlth-} (Okawaru gifted it to you on level 2 of the
                  | Orcish Mines)
 13107 | Orc:2    | Received a gift from Okawaru
 13107 | Orc:2    | Noticed an orc high priest
 13111 | Orc:2    | Noticed an orc warlord
 13122 | Orc:2    | Killed an orc warlord
 13123 | Orc:2    | Killed an orc high priest
 13240 | Orc:2    | Reached skill level 17 in Ranged Weapons
 13251 | Orc:2    | Noticed an orc high priest
 13261 | Orc:2    | Killed an orc high priest
 13262 | Orc:2    | Reached XP level 13. HP: 73/118 MP: 14/18
 13265 | Orc:2    | Identified the +4 chain mail of the Playwright {rN+}
 13265 | Orc:2    | Noticed an orc warlord
 13273 | Orc:2    | Killed an orc warlord
 13531 | Orc:2    | Identified the +7 crystal plate armour "Xunocei" {Stlth+}
                  | (Okawaru gifted it to you on level 2 of the Orcish Mines)
 13531 | Orc:2    | Received a gift from Okawaru
 13532 | Orc:2    | Reached skill level 18 in Ranged Weapons
 13717 | Orc:2    | Found Myafaa's General Store.
 13718 | Orc:2    | Found Ureal's Jewellery Emporium.
 13720 | Orc:2    | Found Xeosar's Antique Armour Emporium.
 13720 | Orc:2    | Found Kanawku's Antique Weapon Shoppe.
 13926 | Orc:2    | Found a staircase to the Elven Halls.
 14137 | Orc:2    | Bought a potion of heal wounds for 70 gold pieces
 14804 | D:11     | Noticed Sonja
 14808 | D:11     | Killed Sonja
 14821 | D:11     | Found a runed translucent door.
 14823 | D:11     | Noticed GigaChad's ghost (journeyman MiFi)
 15050 | D:11     | Found a staircase to the Lair.
 15086 | D:11     | Noticed Lodul
 15089 | D:11     | Killed Lodul
 15693 | D:11     | Reached skill level 19 in Ranged Weapons
 15776 | D:11     | Killed GigaChad's ghost
 15825 | Lair:1   | Entered Level 1 of the Lair of Beasts
 15883 | Lair:1   | Reached skill level 10 in Invocations
 16658 | Lair:2   | Received a gift from Okawaru
 16661 | Lair:2   | Reached XP level 14. HP: 47/126 MP: 20/20
 16817 | Lair:2   | Found a staircase to the Shoals.
 17084 | Lair:2   | Reached skill level 20 in Ranged Weapons
 17301 | Lair:2   | Found a staircase to the Snake Pit.
 17692 | Lair:3   | Identified a scroll of acquirement
 17693 | Lair:3   | Acquired the ring of Syuric Qesuu {Will+ SInv}
 17708 | Lair:3   | Noticed Kirke
 17920 | Lair:3   | Identified the +1 scale mail of the Circus Animal {Stlth+}
 18077 | Lair:3   | Killed Kirke
 18077 | Lair:3   | Received a gift from Okawaru
 18388 | Lair:4   | Reached skill level 21 in Ranged Weapons
 18713 | Lair:4   | Found a viscous altar of Jiyva.
 18713 | Lair:4   | Found a staircase to the Slime Pits.
 19071 | Lair:5   | Entered Level 5 of the Lair of Beasts
 19448 | Lair:5   | Identified the +1 pair of boots of the Cicada {Rampage
                  | rCorr Int-3} (Okawaru gifted it to you on level 5 of the
                  | Lair of Beasts)
 19448 | Lair:5   | Received a gift from Okawaru
 19675 | Lair:5   | Reached skill level 22 in Ranged Weapons
 20024 | Lair:5   | Reached XP level 15. HP: 116/132 MP: 21/21
 20375 | D:12     | Noticed Snorg
 20378 | D:12     | Killed Snorg
 20379 | D:12     | Reached skill level 23 in Ranged Weapons
 20755 | D:12     | Received a gift from Okawaru
 20979 | D:13     | Found Bisu's Assorted Antiques.
 20987 | D:13     | Bought a potion of curing for 123 gold pieces
 20987 | D:13     | Bought a scroll of fear for 164 gold pieces
 21039 | D:13     | Found a gate leading to a gauntlet.
 21046 | Gauntlet | Entered a Gauntlet
 21046 | Gauntlet | Found a transporter.
 21054 | Gauntlet | Found a transporter.
 21056 | Gauntlet | Found a transporter.
 21063 | Gauntlet | Found a transporter.
 21078 | Gauntlet | Found a transporter.
 21083 | Gauntlet | Found a transporter.
 21098 | Gauntlet | Found a transporter.
 21117 | Gauntlet | Found a transporter.
 21129 | Gauntlet | Found a transporter.
 21141 | Gauntlet | Found a transporter.
 21153 | Gauntlet | Found a transporter.
 21165 | Gauntlet | Found a transporter.
 21182 | Gauntlet | Found a transporter.
 21196 | Gauntlet | Noticed a quicksilver dragon
 21196 | Gauntlet | an iron troll changed into a quicksilver dragon
 21198 | Gauntlet | Noticed a sphinx
 21198 | Gauntlet | a quicksilver dragon changed into a sphinx
 21199 | Gauntlet | a sphinx changed into an iron troll
 21200 | Gauntlet | Found a transporter.
 21202 | Gauntlet | Found a transporter.
 21229 | Gauntlet | Found a transporter.
 21307 | Gauntlet | Found a transporter.
 21327 | Gauntlet | Found a transporter.
 21394 | Gauntlet | Noticed an azure jelly
 21394 | Gauntlet | an iron troll changed into an azure jelly
 21397 | Gauntlet | an azure jelly changed into a minotaur
 21971 | Gauntlet | Identified the ring of Xom's Entertainment {rC+ Will+}
 21993 | Gauntlet | Got Nyplok's Directory of the Frozen Stinger
 21993 | Gauntlet | Got the Directory of Sculpting
 22785 | D:14     | Reached skill level 24 in Ranged Weapons
 23393 | D:14     | Found a gate to the Vaults.
 23589 | D:15     | Entered Level 15 of the Dungeon
 23605 | D:15     | Identified the amulet "Qiloippo" {Reflect Will- Slay+2 SH+5
                  | Stlth+}
 23832 | D:15     | Received a gift from Okawaru
 23964 | D:15     | Reached skill level 25 in Ranged Weapons
 23964 | D:15     | Acquired the ring "Nuebun" {rPois rF+ rN+ Will++}
 24141 | D:15     | Found a staircase to the Depths.
 24291 | Snake:1  | Entered Level 1 of the Snake Pit
 24294 | Snake:1  | Reached XP level 16. HP: 129/139 MP: 22/22
 24498 | Snake:1  | Identified the +9 arbalest of Extermination {penet, rElec
                  | rF- rC+ Str+7} (Okawaru gifted it to you on level 1 of the
                  | Snake Pit)
 24498 | Snake:1  | Received a gift from Okawaru
 25106 | Snake:2  | Reached skill level 26 in Ranged Weapons
 25226 | Snake:2  | Received a gift from Okawaru
 25389 | Snake:2  | Received a gift from Okawaru
 25597 | Snake:2  | Found a large runed translucent door.
 25598 | Snake:2  | Found a large runed translucent door.
 25599 | Snake:2  | Noticed Jingleheimer's ghost (adept DsGl)
 25953 | Snake:2  | Killed Jingleheimer's ghost
 26048 | Snake:3  | Identified the +2 rapier "Goitecet" {vorpal, rF- Will+++
                  | Int-3 Stlth+} (Okawaru gifted it to you on level 3 of the
                  | Snake Pit)
 26048 | Snake:3  | Received a gift from Okawaru
 26217 | Snake:3  | Found Muoxami's Antique Armour Shop.
 26245 | Snake:3  | Identified the +2 kite shield of Classification {Rampage
                  | rPois rN+ Dex+3}
 26245 | Snake:3  | Noticed Asterion
 26255 | Snake:3  | Killed Asterion
 26299 | Snake:3  | Reached skill level 10 in Armour
 26309 | Snake:3  | Identified the +3 trident of Dung {vorpal, rElec}
 26363 | Snake:3  | Reached XP level 17. HP: 135/150 MP: 24/24
 26401 | Snake:3  | Found the +3 salamander hide armour {Flames rF++ rC--}
 26449 | Snake:3  | Found Septul's Jewellery Shop.
 26452 | Snake:3  | Lost mutation: Your muscles are strong. (Str +4, Int/Dex
                  | -1) [potion of mutation]
 26452 | Snake:3  | Lost mutation: You are dopey. (Int -2) [potion of mutation]
 26452 | Snake:3  | Gained mutation: You are weak. (Str -2) [potion of
                  | mutation]
 26452 | Snake:3  | Gained mutation: You have an increased reservoir of magic.
                  | (+10% MP) [potion of mutation]
 26453 | Snake:3  | Bought the ring "Hemaur" {rElec rF+ rN++ Int-5 Slay-2} for
                  | 306 gold pieces
 26453 | Snake:3  | Bought the amulet "Kuajuivu" {Faith Rampage rC+ SInv} for
                  | 582 gold pieces
 26591 | Snake:3  | Found Tisk's Weapon Boutique.
 26668 | Snake:4  | Entered Level 4 of the Snake Pit
 26674 | Snake:4  | Identified the +1 plate armour "Raisamu" {rPois} (Okawaru
                  | gifted it to you on level 4 of the Snake Pit)
 26674 | Snake:4  | Received a gift from Okawaru
 26690 | Snake:4  | Reached skill level 10 in Dodging
 27071 | Snake:4  | Identified the +1 plate armour of Duty {rPois rF+} (Okawaru
                  | gifted it to you on level 4 of the Snake Pit)
 27071 | Snake:4  | Received a gift from Okawaru
 27087 | Snake:4  | Got a serpentine rune of Zot
 27557 | Snake:4  | Identified the +0 pair of gloves of the Eagle {Dex+3}
 27896 | Depths:1 | Entered Level 1 of the Depths
 27896 | Depths:1 | Noticed a tentacled monstrosity
 27896 | Depths:1 | Noticed a titan
 27907 | Depths:1 | Killed a titan
 27911 | Depths:1 | Killed a tentacled monstrosity
 28083 | Depths:1 | Identified the +5 mace "Qesmiot" {vorpal, rPois}
 28123 | Depths:1 | Found a gateway to Hell.
 28242 | Depths:1 | Found a one-way gate leading to the halls of Pandemonium.
 28290 | Depths:1 | Reached skill level 15 in Fighting
 28339 | Depths:1 | Found a sparkling altar of Nemelex Xobeh.
 28383 | Depths:1 | Received a gift from Okawaru
 28461 | Depths:1 | Noticed Aizul
 28469 | Depths:1 | Killed Aizul
 28470 | Depths:1 | Reached XP level 18. HP: 166/166 MP: 28/28
 28539 | Depths:1 | Found a snail-covered altar of Cheibriados.
 28935 | Depths:2 | Identified the +5 longbow of Discretion {freeze, rPois
                  | Int+4} (Okawaru gifted it to you on level 2 of the Depths)
 28935 | Depths:2 | Received a gift from Okawaru
 29033 | Depths:2 | Received a gift from Okawaru
 29095 | Depths:2 | Slain by a fire giant

Illustrated notes

Levels and vault maps discovered:
D:1:      saegor_arrival_simple_d, layout_basic, minmay_misc_feat_five
D:2:      layout_basic, nicolae_ecumenical_lake_church
D:3:      kennysheep_goblin_castle, layout_basic, gammafunk_ghost_mausoleum,
          serial_shops, nicolae_shop_trees, amcnicky_mini_pool_small
D:4:      layout_gridville, okawaru_metal_pillars_3, biasface_ghost_orc_armoury,
          serial_shops, shop, chequers_serial_rivers_micro_d,
          minmay_manual_mess, uniq_blork_the_orc
D:5:      layout_basic, nicolae_hepliaklqana_hippocampus,
          nicolae_dithmenos_the_darkroom, serial_park_tiny_2,
          kennysheep_small_circle, uniq_grinder, uniq_sigmund
D:6:      cheibrodos_two_vegetables, layout_cave_pools, zin_statuary,
          cheibrodos_ashenzari_chains, gammafunk_ghost_grave, uniq_maggie
D:7:      layout_rooms, minmay_temple_entry_poolview, minmay_misc_feat_ornament,
          water_boxes_lemuel
D:8:      layout_cave_pods, nicolae_ossuary_entry_plus
D:9:      layout_basic, mainiacjoe_overflow_small_starburst, erik_orc_3
D:10:     minmay_inner_zag, layout_cave_pools, lemuel_doored_altar,
          grunt_ministairs_3
D:11:     layout_gridville, erik_lair_orcish_takeover,
          ebering_ghost_inner_flame, uniq_sonja, uniq_lodul
D:12:     layout_loops_ring, uniq_snorg
D:13:     layout_layer_cave, gauntlet_entry_generic, serial_shops, shop,
          grunt_ministairs_5
D:14:     layout_loops_cross, david_vaults_1, hangedman_decor_points
D:15:     grunt_enter_depths_magical_seal, layout_rooms,
          chequers_serial_rivers_micro_a
Lair:1:   layout_roguey, serial_bayou_shore_b
Lair:2:   layout_roguey, elwin_shoals_entry_rocks, dummy_snake_entry,
          beast_lair_carwin_5, grunt_megastairs_4
Lair:3:   layout_regular_city, uniq_kirke
Lair:4:   layout_roguey, slime_entry_1
Lair:5:   grunt_lair_end_beastmaster, layout_hall_layers
Snake:1:  layout_rooms, grunt_ministairs_13
Snake:2:  layout_onion_interference, ebering_ghost_disaster_area,
          nicolae_snake_biting_tails, guppyfry_snake_island, grunt_megastairs_3
Snake:3:  layout_rooms, serial_shops, shop, nicolae_shop_behind_doors,
          shop_statue, hellmonk_guarded_unrand_salamander, uniq_asterion
Snake:4:  minmay_snake_end_coiled, layout_cave_town,
          nicolae_snake_coiling_death, serial_bayou_shore_a
Orc:1:    giant_chief_lemuel, layout_diamond_mine
Orc:2:    st_orc_congregation, layout_diamond_mine, elf_legates
Depths:1: minmay_ambush_box, layout_small_grid, pan_entry,
          nemelex_spade_bored_becter, hell_entry, minivault_14, slow_altar_2,
          uniq_aizul
Depths:2: minmay_the_grid_square_5x5_5x5
          [minmay_the_grid_square_5x5_two_walls_a,
          minmay_the_grid_square_5x5_lines,
          minmay_the_grid_square_5x5_three_small,
          minmay_the_grid_square_5x5_almost_minimal,
          minmay_the_grid_square_5x5_meh,
          minmay_the_grid_square_5x5_checkered_statues,
          minmay_the_grid_square_5x5_prize_rear_guard,
          minmay_the_grid_square_5x5_three,
          minmay_the_grid_square_5x5_prize_open,
          minmay_the_grid_square_5x5_half_checkered,
          minmay_the_grid_square_5x5_minibox,
          minmay_the_grid_square_5x5_sharp_hourglass,
          minmay_the_grid_square_5x5_prize_pseudospiral,
          minmay_the_grid_square_5x5_checkered,
          minmay_the_grid_square_5x5_empty,
          minmay_the_grid_square_5x5_pentomino_r,
          minmay_the_grid_square_5x5_prize_junk, minmay_the_grid_square_5x5_two,
          minmay_the_grid_square_5x5_prize_snowflake,
          minmay_the_grid_square_5x5_tetrominoes,
          minmay_the_grid_square_5x5_tri_point,
          minmay_the_grid_square_5x5_intrusive_squares,
          minmay_the_grid_square_5x5_slash,
          minmay_the_grid_square_5x5_beaten_path,
          minmay_the_grid_square_5x5_forky], layout_cave_pools,
          nicolae_kikubaaqudgha_miasma_corner, hell_entry,
          grunt_pan_entry_spiral

Skill      XL: |  1  2  3  4  5  6  7  8  9 10 11 12 13 14 15 16 17 18 |
---------------+-------------------------------------------------------+-----
Fighting       | 3 4 5 6 8 9 10 12 13 15 17 | 17.9
Ranged Weapons | 5 6 7 8 11 14 15 17 19 22 25 26 | 26.0
Stealth        | 1 |  1.0
Armour         | 1 4 7 8 10 12 | 12.0
Invocations    | 4 6 8 10 11 12 | 12.0
Dodging        | 5 7 8 9 12 | 12.0

Action                   |  1- 3 |  4- 6 |  7- 9 | 10-12 | 13-15 | 16-18 || total
-------------------------+-------+-------+-------+-------+-------+-------++-------
Melee: Triple crossbow   |       |       |       |       |     1 |       ||     1
 Fire: Shortbow          |   104 |   202 |    34 |       |       |       ||   340
       Arbalest          |       |       |   235 |   341 |       |       ||   576
       Triple crossbow   |       |       |       |   109 |   806 |   787 ||  1702
Invok: Finesse           |       |       |       |     3 |     3 |     7 ||    13
  Use: Potion            |       |       |     5 |     2 |     1 |     9 ||    17
       Scroll            |       |       |     8 |    11 |    16 |    15 ||    50
Armor: Leather armour    |     5 |       |       |       |       |       ||     5
       Scale mail        |    31 |    46 |       |       |       |       ||    77
       Ring mail         |       |     4 |    36 |    55 |       |       ||    95
       Troll leather arm |       |       |       |    28 |   117 |    85 ||   230
Dodge: Dodged            |    35 |    50 |    64 |   164 |   247 |   242 ||   802
Block: Other             |       |       |       |       |     7 |    28 ||    35
       Reflection        |       |       |       |       |       |     5 ||     5
